 Dungeon Crawl Stone Soup version 0.21.1-1-g345015f (webtiles) character file.

107 gyp21 the Magician (level 4, 0/32 HPs)
             Began as a Mummy Fire Elementalist on Feb 7, 2018.
             Was a Follower of Dithmenos.
             Slain by a white imp (4 damage)
             ... summoned by Natasha
             ... on level 2 of the Dungeon.
             The game lasted 00:09:34 (2510 turns).

gyp21 the Magician (Mummy Fire Elementalist)        Turns: 2510, Time: 00:09:35

Health: 0/32       AC:  3    Str: 11    XL:     4   Next: 56%
Magic:  9/9        EV: 12    Int: 15    God:    Dithmenos [*.....]
Gold:   116        SH:  0    Dex: 12    Spells: 6/10 levels left

rFire    x . .     SeeInvis .   g - -1 hand axe
rCold    + + .     Gourm    .   (no shield)
rNeg     + + +     Faith    .   a - +0 robe
rPois    ∞         Spirit   .   k - +0 helmet
rElec    .         Reflect  .   (no cloak)
rCorr    .         Harm     .   (no gloves)
MR       .....                  (no boots)
Stlth    ++........             (no amulet)
HPRegen  0.10/turn              h - ring of protection from cold
MPRegen  0.11/turn              (no ring)

@: wreathed by umbra
A: no food or potions, fire vulnerability, cold resistance 1, negative energy
resistance 3, torment resistance, unbreathing
a: Renounce Religion


You were on level 2 of the Dungeon.
You worshipped Dithmenos.
Dithmenos was aware of your devotion.
You were not hungry.

You visited 1 branch of the dungeon, and saw 2 of its levels.

You collected 116 gold pieces.

Inventory:

Hand Weapons
 g - a -1 hand axe (weapon)
Armour
 a - a +0 robe (worn)
 k - a +0 helmet (worn)
Jewellery
 h - a ring of protection from cold (left hand)
Scrolls
 c - a scroll of blinking
 i - 2 scrolls of remove curse
 j - a scroll of teleportation {unknown}


   Skills:
 + Level 1.6 Fighting
 + Level 2.2 Dodging
 - Level 1.5 Stealth
 + Level 3.5 Spellcasting
 + Level 1.7 Conjurations
 + Level 2.9 Fire Magic


You had 6 spell levels left.
You knew the following spells:

 Your Spells              Type           Power        Failure   Level  Hunger
a - Flame Tongue          Conj/Fire      #....        8%          1    N/A
b - Conjure Flame         Conj/Fire      #.......     22%         3    N/A

Dungeon Overview and Level Annotations

Branches:
Dungeon (2/15)

Altars:
Dithmenos
Makhleb

Annotations:
D:2 Natasha


Innate Abilities, Weirdness & Mutations

You do not eat or drink.
Your flesh is vulnerable to fire.
You are immune to poison.
Your flesh is cold resistant. (rC+)
You are immune to negative energy. (rN+++)
You are immune to unholy pain and torment.
You can survive without breathing.


Message History

You hit the leopard gecko but do no damage.
The bat barely misses you. Natasha claws you. The white imp hits you.
The white imp freezes you. You resist. The leopard gecko misses you.
The rat barely misses you. Natasha closely misses you.
You closely miss Natasha.
Natasha is almost dead.
You hit the white imp. You hit the rat. You barely miss the bat.
You hit the leopard gecko but do no damage.
The bat closely misses you. The leopard gecko closely misses you.
The white imp puffs mist at you. The white imp barely misses you.
The rat barely misses you. Natasha claws you!
* * * LOW HITPOINT WARNING * * *
The leopard gecko closely misses you.
You hit Natasha but do no damage.
Natasha is almost dead.
You hit the leopard gecko but do no damage.
You barely miss the rat. You closely miss the white imp.
The bat barely misses you. The bat hits you but does no damage.
The white imp hits you.
You die...

#.# .......#..# #..
.........#..# ####
........#..###
#............##
##.....###.....#######
#.!.(...##...........)
#....!..###.†#.#######
#...hl..####..####....
#.55@b.##......#..###
#....r......##...##
#.###..#.....#...[.##
# ##...............
#........#..####
#........#..#
##......##..#
#.......#..#
#..........#


You could see an iron imp, Natasha, a white imp, a leopard gecko, a bat and a
rat.

Vanquished Creatures
  A hound (D:2)
  Robin (D:2)
  An ooze (D:1)
  A dart slug (D:1)
  3 leopard geckos
  2 giant cockroaches (D:2)
  8 hobgoblins
  A jackal (D:2)
  8 bats
  5 frilled lizards
  15 goblins
  5 kobolds
  2 rats
53 creatures vanquished.

Notes
Turn   | Place    | Note
-------+----------+-------------------------------------------
     0 | D:1      | gyp21 the Mummy Fire Elementalist began the quest for the Orb.
     0 | D:1      | Reached XP level 1. HP: 13/13 MP: 4/4
   344 | D:1      | Reached skill level 1 in Conjurations
   435 | D:1      | Reached XP level 2. HP: 18/20 MP: 0/5
   567 | D:1      | Reached skill level 3 in Spellcasting
  1026 | D:1      | Reached skill level 1 in Fighting
  1114 | D:1      | Reached XP level 3. HP: 22/26 MP: 2/7
  1259 | D:2      | Found a burning altar of Makhleb.
  1342 | D:2      | Learned a level 3 spell: Conjure Flame
  1567 | D:2      | Reached XP level 4. HP: 32/32 MP: 6/9
  1611 | D:2      | Noticed Robin
  2264 | D:2      | Killed Robin
  2326 | D:2      | Found a faded altar of an unknown god.
  2355 | D:2      | Became a worshipper of Dithmenos the Shadowed
  2355 | D:2      | Reached * piety under Dithmenos
  2499 | D:2      | Noticed Natasha
  2510 | D:2      | Slain by a white imp

Skill      XL: |  1  2  3 |
---------------+----------+-----
Conjurations   | 1 |  1.7
Spellcasting   | 3 |  3.5
Fighting       | 1 |  1.6
Dodging        | 2 |  2.2
Stealth        | |  1.5
Fire Magic     | |  2.9

Action                   |  1- 3 |  4- 6 || total
-------------------------+-------+-------++-------
Melee: Unarmed           |     7 |       ||     7
       Hand axe          |    17 |    20 ||    37
 Cast: Flame Tongue      |    45 |    34 ||    79
  Use: Scroll            |       |     5 ||     5
 Stab: Sleeping          |       |     1 ||     1
Armor: Robe              |    15 |    12 ||    27
Dodge: Dodged            |    44 |    40 ||    84
